Elbereth, lawful female human Valkyrie --------- |.......| ------------- ----- |.......| |.......>...| |..<| |.......| |...........| ....-# |........#####%#####............. |...|# -----.--- ###|...........| -----### # # -----.-------##########`###################### # ### #### ############################# ----|-.----- ### # # # # # |..........| # # ### ## # ####...........| -|--- # ------|-----# # |..........| |....###`####` |...........# ##|..........| |...| # |.%........| ------------ |...-##@@# |..........| |...| |.)........| ---- ------------ Elbereth the Fighter Experience level: 8 Strength: 18/06 Dexterity: 12 Constitution: 17 Intelligence: 8 Wisdom: 4 Charisma: 10 Health: 0(68) Energy: 16(25) Def: 1 Gold: 1294 Moves: 8282 Dungeon seed: 0pjFz7RP_r1b-PHf Game ID: Elbereth_1607673167 Your Inventory: Coins $ - 1294 gold pieces Weapons j - 4 blessed +0 daggers Armor e - an uncursed +3 small shield n - an uncursed rusty +2 helm of telepathy y - an uncursed corroded +0 pair of iron shoes Comestibles c - 11 uncursed food rations p - 2 uncursed fortune cookies Scrolls G - an uncursed scroll of teleportation Rings k - an uncursed +1 ring of protection (on left hand) q - a blessed +1 ring of gain strength (on right hand) Wands E - a wand of striking (0:6) K - a wand of magic missile (0:7) Tools v - 4 uncursed tallow candles (0:200) Spells and supernatural/magical abilities: Name Level Category Fail Memory H - haste self 3 escape 100% 94% W - pray for help -- divine ? -- Your skills at the end: Fighting Skills Weapon Skills dagger [Basic] long sword [Basic] Spellcasting Skills Final Attributes: You were piously aligned. You were cold resistant. You were telepathic. You were stealthy. You were protected. You were a werewolf. You were fast. You were unlucky. You are dead. Vanquished creatures: a ghost 2 large mimics a wumpus a winter wolf a flaming sphere a shocking sphere a large cat a crocodile a giant beetle a quivering blob a leprechaun a gnome king an owlbear a werewolf a lizard 3 apes a rope golem 2 soldier ants 2 mountain nymphs a rock piercer a rock mole 2 yellow lights 2 shriekers 3 gnome lords 2 gnomish wizards a black naga hatchling a guardian naga hatchling 2 gray oozes a ghoul a straw golem 3 giant ants a little dog 4 floating eyes a kitten 3 dwarves 3 homunculi a kobold lord 14 hill orcs 6 rothes a monkey a wererat a werejackal 6 iguanas a killer bee 3 acid blobs a coyote 2 large kobolds 4 hobgoblins 10 giant rats 4 cave spiders a green mold 24 gnomes 4 garter snakes a gnome zombie 3 geckos 7 jackals 2 kobolds 4 goblins 2 sewer rats 4 grid bugs a bat 12 lichens 2 kobold zombies 6 newts 184 creatures vanquished. Genocided species: cockatrices 1 species genocided. Voluntary challenges: You had been an atheist until turn 4672. You used a wielded weapon 193 times, starting on turn 3. You read items or engraved 28 times, starting on turn 1543. You genocided 1 type of monster, starting on turn 3700. You never polymorphed an object. You changed form 2 times, starting on turn 7981. You used no wishes. You never split a pudding. You never wrote Elbereth's name. You never violated your personal moral code. Dungeon overview: The Dungeons of Doom: levels 1 to 12 Level 1 a fountain a long staircase Level 2 a general store, a sink stairs to The Gnomish Mines Level 3 a scroll shop, a fountain Level 4 Level 5 Level 6 many fountains Level 7 stairs to Sokoban Level 8 Level 9 a temple to Odin Level 10 Level 11 an altar to Tyr Level 12 <- You were here The Gnomish Mines: levels 3 to 7 Level 3 stairs to The Dungeons of Doom Level 4 Level 5 many shops, a temple to Tyr, some fountains Level 6 Level 7 Sokoban: levels 5 to 6 Level 5 Level 6 stairs to The Dungeons of Doom History has recorded: On T:1 you entered the Dungeons of Doom to retrieve the Amulet of Yendor! On T:595 you advanced to experience level 2. On T:635 you reached level 2 of The Dungeons of Doom. On T:711 you advanced to experience level 3. On T:927 you reached level 1 of The Gnomish Mines. On T:1112 you advanced to experience level 4. On T:1251 you advanced to experience level 5. On T:1392 you reached level 3 of The Dungeons of Doom. On T:1757 you advanced to experience level 6. On T:1799 you reached level 4 of The Dungeons of Doom. On T:2125 you reached level 2 of The Gnomish Mines. On T:3045 you reached level 5 of The Dungeons of Doom. On T:3528 you reached level 6 of The Dungeons of Doom. On T:3643 you advanced to experience level 7. On T:4296 you reached level 4 of The Gnomish Mines. On T:4565 you reached level 3 of The Gnomish Mines. On T:5046 you reached level 5 of The Gnomish Mines. On T:5511 you reached level 7 of The Dungeons of Doom. On T:5543 you reached level 4 of Sokoban. On T:5828 you reached level 3 of Sokoban. On T:6347 you reached level 8 of The Dungeons of Doom. On T:6466 you advanced to experience level 8. On T:6590 you reached level 9 of The Dungeons of Doom. On T:6904 you reached level 10 of The Dungeons of Doom. On T:7404 you reached level 11 of The Dungeons of Doom. On T:7661 you reached level 12 of The Dungeons of Doom. Score breakdown: Gold: 1294 (10586 points) Experience: 8 levels (14739 points) Exploration: 12 levels ( 22.64%) (13797 points) Discoveries: 25 items ( 10.16%) ( 9563 points) Valuables value: (no points given unless you survive) Artifact value: 0 ( 0 points) Variety of kills: 64 monsters ( 16.80%) (12295 points) Turncount: 8282 turns (-2100 points) Survival: died (score multiplied by 80%) Total score: 47104 Latest messages: The Green-elf thrusts her elven spear. The Green-elf hits! You return to human form! Your movements are now unencumbered. You miss the Green-elf. The Green-elf thrusts her elven spear. The Green-elf hits! You miss the Green-elf. The Green-elf thrusts her elven spear. The Green-elf hits! You miss the Green-elf. (2x) The Green-elf thrusts her elven spear. The Green-elf hits! You miss the Green-elf. The Green-elf thrusts her elven spear. The Green-elf hits! You miss the Green-elf. You hit the Green-elf! The Green-elf thrusts her elven spear. The Green-elf hits! You die... Final status: Farvel Elbereth the Valkyrie, killed by a Green-elf... You died in The Dungeons of Doom on dungeon level 12 with 47104 points, and 1294 pieces of gold, after 8282 moves. You were level 8 with a maximum of 68 hit points when you died.